 Dungeon Crawl Stone Soup version 0.29.1-1-gd02db6906a (webtiles) character file.

Game seed: 15703812371406781219

585 RogueRain17 the Poker (level 7, 0/50 HPs)
             Began as a Demonspawn Gladiator on Sept 27, 2022.
             Was an Initiate of Yredelemnul.
             Slain by a gnoll
             ... wielding a +0 spear of flaming
             ... led by a gnoll bouda
              (1 damage)
             ... on level 5 of the Dungeon.
             The game lasted 00:06:32 (4426 turns).

RogueRain17 the Poker (Demonspawn Gladiator)        Turns: 4426, Time: 00:06:33

Health: 0/50       AC:  5    Str: 16    XL:     7   Next: 14%
Magic:  7/7        EV: 13    Int: 10    God:    Yredelemnul [......]
Gold:   212        SH:  0    Dex: 14    Spells: 6/6 levels left

rFire   . . .      SeeInvis .   a - +0 trident
rCold   . . .      Faith    .   (no shield)
rNeg    . . .      Spirit   .   b - +0 leather armour
rPois   .          Reflect  .   (helmet restricted)
rElec   .          Harm     .   (no cloak)
rCorr   .          Rampage  .   g - +1 pair of gloves
Will    .....                   (no boots)
Stlth   +.........              (no amulet)
HPRegen 0.16/turn               (no ring)
MPRegen 0.10/turn               (no ring)

@: no status effects
A: antennae 1, condensation shield
a: Renounce Religion, Recall Undead Harvest


You were on level 5 of the Dungeon.
You worshipped Yredelemnul.
Yredelemnul was noncommittal.
You visited 2 branches of the dungeon, and saw 7 of its levels.

You collected 212 gold pieces.

Inventory:

Hand Weapons
 a - a +0 trident (weapon)
Missiles
 e - a javelin (quivered)
Armour
 b - a +0 leather armour (worn)
 c - a +0 helmet
 g - a +1 pair of gloves (worn)
Jewellery
 l - a ring of magical power
Scrolls
 j - 9 scrolls of identify
 k - 2 scrolls of poison
 m - a scroll of magic mapping {unknown}
 q - a scroll of torment {unknown}
 s - 2 scrolls of teleportation {unknown}
 t - a scroll of fog {unknown}
 u - a scroll of immolation {unknown}
Potions
 h - a potion of curing
 i - a potion of might {unknown}
 n - a potion of mutation {unknown}
 o - a potion of brilliance {unknown}
 p - 2 potions of lignification {unknown}
 r - 2 potions of magic {unknown}


   Skills:
 - Level 2.0 Fighting
 * Level 6.3 Polearms
 - Level 1.7 Throwing
 + Level 4.8 Dodging


You had 6 spell levels left.
You didn't know any spells.
Your spell library contained the following spells:

 Spells                   Type           Power      Damage    Failure   Level
 Shock                    Conj/Air       0%         1d3       43%         1
 Swiftness                Air            0%         N/A       80%         3
 Airstrike                Air            0%         2d(0-16)  99%         4
 Summon Ice Beast         Ice/Summ       0%         N/A       99%         4
 Summon Mana Viper        Hex/Summ       0%         N/A       100%        5
 Monstrous Menagerie      Summ           0%         N/A       100%        7


Dungeon Overview and Level Annotations

Branches:
Dungeon (6/15)             Temple (1/1) D:5

Altars:
Ashenzari
Dithmenos
Gozag
Kikubaaqudgha
Makhleb
Okawaru
Qazlal
Sif Muna
Trog
Uskayaw
Vehumet
Yredelemnul


Innate Abilities, Weirdness & Mutations

You have a pair of small antennae on your head.
A meltable shield of frost defends you. (SH +0)


Message History

The centaur wields a +0 shortbow.
The centaur shoots an arrow.
The arrow hits you.
* * * LOW HITPOINT WARNING * * *
You climb upwards.
Your gnoll bouda zombie crumbles into dust!
There is a stone staircase leading down here.
Blink to where?
Press: ? - help, Dir - move target
As you read the scroll of blinking, it crumbles to dust.
You open the door.
Found a book of Decay.
The gnoll hits you with a +0 whip.
* * * LOW HITPOINT WARNING * * *
There is an open door here.
Throw: 2 throwing nets
Press: ? - help, Q - select action, (/) - cycle Shift-Dir - straight line, f - gnoll
Aim: a gnoll, wielding a +0 whip (moderately wounded, covering ground quickly, 63% to hit)
You throw a throwing net. The throwing net hits the gnoll.
The gnoll is caught in the net!
The gnoll is moderately wounded.
The gnoll hits you from afar with a +0 spear.
* * * LOW HITPOINT WARNING * * *
The gnoll struggles against the net.
The scorpion closely misses you. The scorpion attacks as you move away!
The scorpion closely misses you.
Throw: throwing net
Press: ? - help, Q - select action, (/) - cycle Shift-Dir - straight line, f - scorpion
Aim: a scorpion (59% to hit)
You throw a throwing net.
The throwing net barely misses the scorpion.
The scorpion stings you.
* * * LOW HITPOINT WARNING * * *
As you read the scroll of identify, it crumbles to dust.
k - 2 scrolls of poison The scorpion stings you.
* * * LOW HITPOINT WARNING * * *
The gnoll hits you from afar with a +0 spear of flaming.
* * * LOW HITPOINT WARNING * * *
The gnoll burns you.
You die...
Your body rises from the dead as a mindless zombie.

.............#####
#########...........
#.......#...........
#.......#.gg........
#.......#........... .
#..g.>..#..g........ ...
#{gg..).#.g.........
.....#g#####[#...........
#(....s@.....).###+#####
#..............#
#..............#
#.:.......(....#
#..............#
+..............#
#..............#
#..............+
...........#


You could see a scorpion and a gnoll.

Vanquished Creatures
  An ice beast (D:4)
  2 ogres (D:4)
  A phantom (D:4)
  A hound (D:4)
  2 jellies (D:5)
  A gnoll bouda (D:5)
  An iguana (D:4)
  A gnoll (D:5)
  3 adders
  A white imp (D:4)
  2 worms
  3 dart slugs
  An orc (D:4)
  4 ball pythons (D:1)
  4 endoplasms
  3 giant cockroaches
  3 goblins
  6 hobgoblins
  6 jackals
  2 quokkas (D:4)
  6 bats
  3 frilled lizards
  3 kobolds
  2 rats (D:1)
62 creatures vanquished.

Vanquished Creatures (others)
  A gnoll zombie (D:5)
1 creature vanquished.

Grand Total: 63 creatures vanquished

Notes
Turn   | Place    | Note
-------+----------+-------------------------------------------
     0 | D:1      | RogueRain17 the Demonspawn Gladiator began the quest for
                  | the Orb.
     0 | D:1      | Reached XP level 1. HP: 16/16 MP: 1/1
    65 | D:1      | Reached skill level 3 in Polearms
   204 | D:1      | Gained mutation: You have a pair of small antennae on your
                  | head. [demonic ancestry]
   204 | D:1      | Reached XP level 2. HP: 22/22 MP: 2/2
   966 | D:1      | Found a faded altar of an unknown god.
  1320 | D:2      | Reached XP level 3. HP: 23/27 MP: 3/3
  2274 | D:3      | Found a broken altar of Ashenzari.
  2362 | D:3      | You fall into a shaft and drop 1 floor!
  2398 | D:4      | Reached skill level 4 in Polearms
  2398 | D:4      | Reached XP level 4. HP: 33/33 MP: 4/4
  2507 | D:4      | Noticed an angel
  2601 | D:4      | Noticed a phantom
  2610 | D:4      | Killed a phantom
  2611 | D:4      | Gained mutation: A meltable shield of frost defends you.
                  | (SH +0) [demonic ancestry]
  2611 | D:4      | Reached XP level 5. HP: 29/38 MP: 5/5
  3229 | D:4      | Noticed an ogre
  3238 | D:4      | Killed an ogre
  3239 | D:4      | Reached skill level 5 in Polearms
  3239 | D:4      | Reached XP level 6. HP: 44/44 MP: 6/6
  3610 | D:4      | Found a stormy altar of Qazlal.
  4008 | D:5      | Entered Level 5 of the Dungeon
  4013 | D:5      | Found a staircase to the Ecumenical Temple.
  4052 | D:5      | Noticed an ice beast
  4077 | D:4      | Killed an ice beast
  4078 | D:4      | Reached skill level 6 in Polearms
  4078 | D:4      | Reached XP level 7. HP: 29/50 MP: 7/7
  4220 | Temple   | Entered the Ecumenical Temple
  4225 | Temple   | Became a worshipper of Yredelemnul the Dark
  4426 | D:5      | HP: 1/50 [gnoll/+0 spear of flaming[a gnoll bouda] (2)]
  4426 | D:5      | Slain by a gnoll

Illustrated notes

Levels and vault maps discovered:
D:1:      dpeg_arrival_brainrot, layout_basic,
          shapermc_ecumenical_altar_hornbeckon, minmay_quantized
D:2:      layout_basic, serial_forest, infiniplex_forest_clump_small,
          infiniplex_forest_clump_diagonal, infiniplex_forest_clump_double,
          infiniplex_forest_clump_small, infiniplex_forest_straight_2,
          infiniplex_forest_lined_corner, infiniplex_forest_clump_small
D:3:      layout_rooms, ashenzari_altar_1, uniq_crazy_yiuf_cottage
D:4:      layout_loops_cross, zin_angel, mainiacjoe_overflow_boulevard,
          minmay_misc_feat_rugged, roderic_serpentine_path
D:5:      layout_gridville, xom_teletrap_fun, minmay_temple_entry_grid,
          serial_shops, nicolae_shop_statue_plus, nrook_mini_vaults
D:6:      layout_rooms, nicolae_ru_great_annihilating_truth, fedhas_altar_1,
          nicolae_wu_jian_wuxing_cycle, gammafunk_ghost_grave
Temple:   hellmonk_temple_micro_hex

Skill      XL: |  1  2  3  4  5  6 |
---------------+-------------------+-----
Polearms       | 3 4 5 6 |  6.3
Dodging        | 3 4 |  4.8
Fighting       | |  2.0
Throwing       | |  1.7

Action                   |  1- 3 |  4- 6 |  7- 9 || total
-------------------------+-------+-------+-------++-------
Melee: Trident           |   115 |   102 |    16 ||   233
       Punch             |     1 |     1 |       ||     2
Throw: Throwing net      |       |     5 |     2 ||     7
  Use: Potion            |     1 |     3 |       ||     4
       Scroll            |       |     1 |     2 ||     3
 Stab: Sleeping          |     1 |       |       ||     1
       Held in net/web   |       |     1 |       ||     1
       Distracted        |       |       |     1 ||     1
Armor: Leather armour    |    25 |    12 |     3 ||    40
Dodge: Dodged            |    60 |    49 |    19 ||   128
Block: Other             |       |     6 |     3 ||     9
